 Dungeon Crawl Stone Soup version 0.15.0-29-ga8e3430 (webtiles) character file.

302 RobertPalmer the Chiller (level 6, -2/36 HPs)
             Began as a High Elf Ice Elementalist on Sept 12, 2014.
             Slain by Grinder (6 damage)
             ... on Level 4 of the Dungeon.
             The game lasted 00:12:08 (4036 turns).

RobertPalmer the Chiller (HEIE)                     Turns: 4036, Time: 00:12:08

HP  -2/36        AC 10     Str  7      XL: 6   Next: 14%
MP  14/15        EV 13     Int 18      God:
Gold 168         SH  0     Dex 19      Spells:  2 memorised,  5 levels left

rFire  . . .     SeeInvis .     a - +2 dagger (elec)
rCold  . . .     Clarity  .     q - +0 robe
rNeg   . . .     rCorr    .     (no shield)
rPois  .         rRot     .     (no helmet)
rElec  .         Spirit   .     (no cloak)
SustAb .         Warding  .     g - +1 pair of gloves
rMut   .         Stasis   .     (no boots)
Gourm  .                        (no amulet)
MR     .....                    (no ring)
                                (no ring)

@: icy armour, not resistant to hostile enchantments, unstealthy
A: no striking features
a: no special abilities


You were on level 4 of the Dungeon.
You were not hungry.

You visited 1 branch of the dungeon, and saw 4 of its levels.

You collected 168 gold pieces.


   Skills:
 - Level 2.1 Dodging
 - Level 2.1 Stealth
 - Level 2.4 Spellcasting
   Level 1.1 Conjurations
 + Level 7.0 Ice Magic


You had 5 spell levels left.
You knew the following spells:

 Your Spells              Type           Power        Failure   Level  Hunger
a - Ozocubu's Armour      Chrm/Ice       ##......     14%         3    ###....
z - Freeze                Ice            ####         1%          1    #......

Inventory:

Hand weapons
 a - a +2 dagger of electrocution (weapon)
 b - a +2 short sword of venom
 v - a +2 vampiric cutlass
Missiles
 f - 5 curare-tipped needles
 p - 12 poisoned needles
 t - 4 tomahawks (quivered)
Armour
 g - a +1 pair of gloves (worn)
 q - a +0 robe (worn)
Comestibles
 c - 3 bread rations
 s - 4 rotting chunks of centaur flesh {@*1}
 x - a chunk of adder flesh {@*1}
Scrolls
 h - 2 scrolls of remove curse
Potions
 k - 2 potions of heal wounds {unknown}
 l - a potion of mutation {unknown}
 n - a potion of invisibility {unknown}
 r - a potion of confusion {unknown}
Books
 d - a book of Frost

Dungeon Overview and Level Annotations

Branches:
Dungeon (4/15)
 Temple: D:4-7

Altars:
Ashenzari
Fedhas
Okawaru
Yredelemnul

Annotations:
D:4 Grinder

*....,,* #......#...
*...#### #..........
*,.|...# #...####...
*,.....# #,,,#..'...
**#....#######.##...
#.................
#§................
#.§§..............
#@................
##5...............
###................
#...........###....
#...........#......
#...#####...#.....#
#...........#.....#
#...........#.....#
#............######


You could see Grinder.


Message History

Grinder closely misses you.
Okay, then.
Here: Grinder The floor.
You hit Grinder.
There is a sudden explosion of sparks!
Grinder is heavily wounded.
Grinder hits you!
* * * LOW HITPOINT WARNING * * *
You writhe in agony.
* * * LOW HITPOINT WARNING * * *
Unknown command.
Drink which item? (? for menu, Esc to quit)
You feel better. Grinder misses you.
You barely miss Grinder.
Grinder is heavily wounded.
Grinder closely misses you.
You barely miss Grinder.
Grinder is heavily wounded.
Grinder hits you!
* * * LOW HITPOINT WARNING * * *
You writhe in agony.
* * * LOW HITPOINT WARNING * * *
You hit Grinder.
Grinder is heavily wounded.
Grinder says, "You look like you could use a good racking."
Grinder hits you but does no damage.
You hit Grinder but do no damage.
Grinder is heavily wounded.
Grinder hits you.
You die...

Action                   |  1- 3 |  4- 6 || total
-------------------------+-------+-------++-------
Melee: Whip              |     8 |       ||     8
       Trident           |     2 |    10 ||    12
       Dagger            |       |    65 ||    65
       Short sword       |       |    32 ||    32
Throw: Throwing net      |       |     3 ||     3
       Tomahawk          |       |     1 ||     1
 Cast: Freeze            |    49 |    33 ||    82
       Ozocubu's Armour  |       |     6 ||     6
  Use: Scroll            |     2 |     7 ||     9
       Potion            |       |     4 ||     4
 Stab: Sleeping          |     1 |     1 ||     2
  Eat: Chunk             |       |    11 ||    11

Vault maps used:
D:1:      dpeg_arrival_round_c, minivault_26, minmay_misc_feat_pillars,
          serial_park_tiny_pond
D:3:      okawaru_trees_1, fedhas_bush_and_centaur_altar,
          ashenzari_conservatory_becter, dk_yredelemnul_ordeal
D:4:      lemuel_crystal_altar, vehumet_statue, first_bread, minmay_surrounded,
          uniq_eustachio, uniq_grinder

Notes
Turn   | Place    | Note
--------------------------------------------------------------
     0 | D:1      | RobertPalmer, the High Elf Ice Elementalist, began the quest for the Orb.
     0 | D:1      | Reached XP level 1. HP: 11/11 MP: 4/4
   359 | D:1      | Reached XP level 2. HP: 15/17 MP: 3/6
   602 | D:1      | Reached skill level 4 in Ice Magic
   798 | D:2      | Reached XP level 3. HP: 19/21 MP: 4/8
  1067 | D:2      | Reached XP level 4. HP: 16/27 MP: 0/11
  1081 | D:2      | Reached skill level 5 in Ice Magic
  2278 | D:2      | Learned a level 3 spell: Ozocubu's Armour
  2363 | D:2      | Reached XP level 5. HP: 31/31 MP: 12/12
  2380 | D:2      | Reached skill level 6 in Ice Magic
  2984 | D:3      | Found an iron altar of Okawaru.
  3111 | D:3      | Noticed a centaur
  3359 | D:3      | Found a shattered altar of Ashenzari.
  3395 | D:3      | Noticed a human
  3397 | D:3      | Found a basalt altar of Yredelemnul.
  3760 | D:3      | Found a blossoming altar of Fedhas.
  3779 | D:3      | Killed a centaur
  3779 | D:3      | Reached XP level 6. HP: 24/36 MP: 12/15
  3959 | D:4      | Reached skill level 7 in Ice Magic
  4010 | D:4      | Noticed Grinder
  4020 | D:4      | Paralysed by Grinder for 7 turns
  4023 | D:4      | HP: 2/36 [Grinder (2)]
  4034 | D:4      | HP: 3/36 [Grinder (4)]
  4036 | D:4      | Slain by Grinder

Vanquished Creatures
  A centaur (D:3)
  4 gnolls (D:2)
  9 adders
  4 worms
  A giant gecko (D:4)
  6 orcs (D:3)
  4 giant cockroaches
  10 goblins
  10 hobgoblins
  2 jackals (D:1)
  9 kobolds
  A quokka (D:3)
  A ball python (D:3)
  6 bats
  A goblin zombie (D:3)
  11 rats
80 creatures vanquished.

Vanquished Creatures (others)
  A bush (D:3)
1 creature vanquished.

Grand Total: 81 creatures vanquished
